 Dungeon Crawl Stone Soup version 0.31.0-11-ge490571c62 (webtiles) character file.

Game seed: 87497014532674613

1594 Ashen the Ruffian (level 8, -6/67 (79) HPs)
             Began as a Troll Shapeshifter on Feb 1, 2024.
             Mangled by a wight
             ... wielding a +3 great sword
              (12 damage)
             ... on level 5 of the Dungeon.
             The game lasted 00:07:39 (4016 turns).

Ashen the Ruffian (Troll Shapeshifter)              Turns: 4016, Time: 00:07:39

HP:   -6/67 (79)    AC:  5    Str: 23    XL:     8   Next: 62%
MP:   7/7           EV: 11    Int:  6    God:
Gold: 181           SH:  0    Dex: 11    Spells: 7/7 levels left

rFire   + .          .
                       - Unarmed
rCold   . . .        (no shield)
rNeg    . . .        o - +1 robe {rF+}
rPois   +            (helmet currently unavailable)
rElec   .            (cloak currently unavailable)
rCorr   .            (gloves unavailable)
SInv    .            (boots unavailable)
Will    .....        (no amulet)
Stlth   +            k - ring of poison resistance
HPRegen 1.11/turn    (no ring)
MPRegen 0.10/turn

%: no passive effects
@: beast-form, heavily drained
A: beast (slay +3), large, unfitting armour, claws 3, regeneration 1, shaggy fur
1, tough skin 1
a: Begin Untransformation


You were on level 5 of the Dungeon.
You were a hulking beast.
You visited 1 branch of the dungeon, and saw 6 of its levels.

You collected 281 gold pieces.
You spent 100 gold pieces at shops.

Inventory:

Hand Weapons
 y - a +0 rapier of venom
Missiles
 B - 2 large rocks (quivered)
Armour
 o - a +1 robe of fire resistance (worn)
Jewellery
 k - a ring of poison resistance (left claw)
 E - a +6 ring of dexterity
Talismans
 c - a beast talisman
 d - a flux talisman
 x - a maw talisman
Wands
 n - a wand of flame (22)
 p - a wand of paralysis (12)
 F - a wand of polymorph (9)
Scrolls
 a - 2 scrolls of teleportation
 g - a scroll of enchant weapon {unknown}
 h - 5 scrolls of identify {unknown}
 i - 2 scrolls of butterflies {unknown}
 l - a scroll of amnesia {unknown}
 q - 2 scrolls of revelation {unknown}
 r - a scroll of blinking {unknown}
 t - 6 scrolls of vulnerability {unknown}
 v - 2 scrolls of poison {unknown}
 w - a scroll of brand weapon {unknown}
 A - a scroll of fog {unknown}
 C - a scroll of silence {unknown}
Potions
 b - a potion of lignification
 e - 2 potions of degeneration {unknown}
 j - 2 potions of haste {unknown}
 m - 2 potions of mutation {unknown}
 s - a potion of attraction {unknown}
 u - 2 potions of enlightenment {unknown}
 z - a potion of curing {unknown}
 D - a potion of invisibility {unknown}


   Skills:
 + Level 4.5 Fighting
 + Level 4.8 Dodging
 + Level 6.2 Unarmed Combat
 + Level 5.7 Shapeshifting


You had 7 spell levels left.
You didn't know any spells.
Your spell library contained the following spells:

 Spells                   Type           Power      Damage    Failure   Level
 Volatile Blastmotes      Fire/Tloc      0%         2d10      83%         3
 Fulminant Prism          Conj/Alch      0%         3d5       99%         4
 Iskenderun's Mystic Bla  Conj/Tloc      0%         2d3       99%         4


Dungeon Overview and Level Annotations

Branches:
Dungeon (6/15)
 Temple: D:4-7

Altars:

Shops:
D:4 [=[**   D:5 **


Innate Abilities, Weirdness & Mutations

You are a hulking beast.
Your limbs bulge with bestial killing power. (Slay +3)
You are too large for most types of armour.
You have claws for hands.
Your natural rate of healing is unusually fast.
You are covered in fur. (AC +1)
You have tough skin. (AC +1)


Message History

The wight hits you from afar with a +0 halberd.
You feel drained.
You claw the wight!
The wight is severely damaged.
The wight hits you with a +3 long sword.
You feel drained. The wight closely misses you.
The wight hits you from afar with a +0 halberd!
You are too injured to fight recklessly!
The wight hits you with a +3 long sword.
* * * LOW HITPOINT WARNING * * *
The wight hits you with a +3 great sword!!
* * * LOW HITPOINT WARNING * * *
The wight barely misses you.
You climb upwards.
There is a stone staircase leading down here.
You feel much better.
The wight hits you with a +3 great sword!
* * * LOW HITPOINT WARNING * * *
You feel drained.
* * * LOW HITPOINT WARNING * * *
The wight completely misses you.
You feel much better. The wight completely misses you.
The wight hits you with a +3 long sword.
You feel drained.
You barely miss the wight.
The wight hits you with a +3 great sword!!
* * * LOW HITPOINT WARNING * * *
You feel drained.
* * * LOW HITPOINT WARNING * * *
You completely miss the wight. The wight barely misses you.
You scratch the wight.
The wight is lightly damaged.
You closely miss the wight.
The wight is lightly damaged.
The wight hits you with a +3 great sword!
* * * LOW HITPOINT WARNING * * *
You claw the wight!
The wight is almost destroyed.
The wight hits you with a +3 great sword!
You die...

#.##...).#.# #.# #.#
#.##..##.#.# #.# #.#
#.##..##.#.###.## #.#
#.##..##.#.##...## #.#
#..........#.....# #.#
#####.#######...## #.#
#.##### ##.## #######.#
#.....####.#####.......#
###.......zzh...(#####.#
#...####.####### #.#
##### #.# #.#
#########.# #.######
#.......#.# #####.......
####.#####.#.#


##PPPPPPP.PPP ##.##.#####.#.# ##.....P.P...P ##........##.#.# #..PPP.P.P.P.P
........#.##.#.### #.#P(P.P...P.. You could see 2 wights.

Vanquished Creatures
  Prince Ribbit (D:5)
  Sigmund (D:2)
  An ice beast (D:5)
  3 ogres
  A kobold brigand (D:4)
  A wight (D:6)
  4 bombardier beetles
  5 hounds
  2 orc priests (D:5)
  4 iguanas
  A sleepcap (D:4)
  Jessica (D:2)
  2 orc wizards (D:4)
  8 adders
  3 gnolls (D:3)
  A shadow imp (D:4)
  3 ufetubi (D:5)
  A ribbon worm (D:5)
  A dart slug (D:3)
  11 orcs
  4 endoplasms
  3 giant cockroaches
  7 goblins
  8 hobgoblins
  5 jackals
  3 quokkas
  6 ball pythons
  4 bats
  5 frilled lizards
  10 kobolds
  2 rats (D:3)
112 creatures vanquished.

Notes
Turn   | Place    | Note
-------+----------+-------------------------------------------
     0 | D:1      | Ashen the Troll Shapeshifter began the quest for the Orb.
     0 | D:1      | Reached XP level 1. HP: 18/18 MP: 0/0
    93 | D:1      | Reached skill level 1 in Fighting
    97 | D:1      | Reached XP level 2. HP: 24/27 MP: 1/1
   124 | D:1      | Found a faded altar of an unknown god.
   446 | D:2      | Reached XP level 3. HP: 33/33 MP: 2/2
   608 | D:2      | Noticed Jessica
   609 | D:2      | Noticed Sigmund
   616 | D:2      | Killed Jessica
   617 | D:2      | Reached XP level 4. HP: 31/41 MP: 3/3
   639 | D:2      | Killed Sigmund
   640 | D:2      | Reached skill level 4 in Unarmed Combat
   640 | D:2      | Reached XP level 5. HP: 32/50 MP: 4/4
  1125 | D:3      | Reached XP level 6. HP: 59/59 MP: 5/5
  1955 | D:4      | Found Nimottu's Antique Armour Shop.
  1980 | D:4      | Found Wuno's Jewellery Boutique.
  1997 | D:4      | Found Hollot's General Store.
  2000 | D:4      | Bought a scroll of teleportation for 30 gold pieces
  2150 | D:4      | Found Cuecsuish's Assorted Antiques.
  2259 | D:4      | Reached XP level 7. HP: 27/67 MP: 6/6
  2363 | D:4      | Reached skill level 5 in Unarmed Combat
  2436 | D:4      | Found Xewkaq's Antique Armour Shop.
  2880 | D:5      | Entered Level 5 of the Dungeon
  3036 | D:5      | Found Inyd's General Store.
  3038 | D:5      | Found Nieleo Qousch's Specific Store.
  3046 | D:5      | Bought a potion of heal wounds for 70 gold pieces
  3065 | D:5      | Noticed Prince Ribbit
  3077 | D:5      | Killed Prince Ribbit
  3078 | D:5      | Reached skill level 5 in Shapeshifting
  3078 | D:5      | Reached XP level 8. HP: 41/78 MP: 7/7
  3421 | D:5      | Reached skill level 6 in Unarmed Combat
  4007 | D:6      | HP: 2/75 [wight/+3 great sword (19)]
  4016 | D:5      | Mangled by a wight

Illustrated notes

Levels and vault maps discovered:
D:1:      dpeg_arrival_solitude, layout_rooms, shapermc_ecumenical_altar_ellora,
          minmay_misc_feat_more_columns
D:2:      layout_basic, kennysheep_boxes, uniq_sigmund, uniq_jessica
D:3:      layout_loops_ring, fountainhead, dreamdust_mushroom_princess
D:4:      cheibrodos_old_hovel, layout_basic, serial_shops, shop,
          nicolae_shop_dealshenge, shop, nicolae_shop_crystal,
          nicolae_shop_behind_doors
D:5:      minmay_opposing_rooms, layout_loops_corners, minmay_hedge_maze,
          nicolae_specific_store, minmay_strange_pillars, uniq_prince_ribbit1
D:6:      layout_loops_ring, ebering_ghost_disaster_area

Skill      XL: |  1  2  3  4  5  6  7  8 |
---------------+-------------------------+-----
Fighting       | 1 2 3 4 |  4.5
Dodging        | 2 3 4 |  4.8
Unarmed Combat | 4 5 6 |  6.2
Shapeshifting  | 4 5 |  5.7

Action                     |  1- 3 |  4- 6 |  7- 9 || total
---------------------------+-------+-------+-------++-------
  Melee: Unarmed           |    69 |   107 |   123 ||   299
         Punch             |       |     3 |     2 ||     5
  Throw: Large rock        |       |       |     2 ||     2
    Use: Potion            |       |       |     2 ||     2
   Stab: Sleeping          |       |     1 |       ||     1
 Armour: Animal skin       |    41 |     5 |       ||    46
         Robe              |       |    78 |    76 ||   154
  Dodge: Dodged            |    36 |    43 |    77 ||   156
